Punishers vs Senators
(R1)
Created - December 14, 2019 at 23:43
Goals
|
Punishers |
0 |
1 |
1 |
2 |
Senators |
1 |
3 |
1 |
5 |
|
Shots
|
Punishers |
6 |
17 |
9 |
32 |
Senators |
10 |
11 |
11 |
32 |
|
1st period
1. Senators , Nick Foligno 14 (Michal Repik 8) at 6:00 (PP)
Penalties :
Zemgus Girgensons (BIN) for Tripping (Minor) at 0:24, Garret Ross (Pro) for Tripping (Minor) at 4:20, Carter Ashton (Pro) for Hooking (Minor) at 10:25, Keegan Lowe (BIN) for Tripping (Minor) at 16:30
2nd period
2. Senators , Chris Kunitz 3 (Zemgus Girgensons 16) at 0:04
3. Senators , Michal Repik 5 (Nick Foligno 17, Scott Harrington 13) at 3:48
4. Punishers , Miikka Salomaki 18 (Garret Ross 7, Andreas Athanasiou 9) at 4:54
5. Senators , Grant Besse 7 (Patrick Maroon 6, Keegan Lowe 4) at 12:52
Penalties :
Scott Harrington (BIN) for Hooking (Minor) at 7:55
3rd period
6. Senators , Matt Frattin 18 (Jack Dougherty 4, Patrick Maroon 7) at 3:12
7. Punishers , Radek Faksa 4 (Carter Ashton 8, Louis Domingue) at 5:53 (PP)
Penalties :
Scott Harrington (BIN) for Hooking (Minor) at 0:33, Garret Ross (Pro) for Hooking (Minor) at 3:39, Jack Dougherty (BIN) for Hooking (Minor) at 4:29, Grant Besse (BIN) for Hooking (Minor) at 7:07, Daniel Audette (Pro) for Slashing (Minor) at 10:36, Scott Harrington (BIN) for Holding (Minor) at 14:26
Goalie Stats
Louis Domingue (Pro), 27 saves from 32 shots - (0.844), L, 11-5-2, 60:00 minutes
Justin Peters (BIN), 30 saves from 32 shots - (0.938), W, 9-7-0, 60:00 minutes
Players Stats for Punishers
Player Name G A P +/- PIM S H SB GA TA FO MP PP MP PK MP
------------------------------------------------------------------------------------
Adam Pelech 0 0 0 -1 0 2 6 1 1 3 0/0 27:26 7:18 4:09
Alex Schoenborn 0 0 0 -1 0 0 0 0 0 0 1/1 1:30 0:09 0:00
Andreas Athanasiou 0 1 1 0 0 2 3 0 0 2 12/31 22:30 6:17 4:00
Austen Brassard 0 0 0 0 0 3 2 0 0 0 0/0 9:24 0:00 0:00
Ben Betker 0 0 0 -1 0 1 0 2 0 0 0/0 11:17 0:00 0:00
Carter Ashton 0 1 1 -2 2 4 3 0 0 0 1/1 18:28 5:45 1:25
Daniel Audette 0 0 0 0 2 0 1 0 0 0 0/3 7:14 0:00 0:00
Dylan DeMelo 0 0 0 -1 0 0 1 0 0 0 0/0 11:17 0:00 0:00
Garret Ross 0 1 1 0 4 4 7 0 0 0 1/2 18:50 6:17 1:09
John Macfarland 0 0 0 0 0 1 1 0 0 0 0/0 7:54 0:00 0:41
John Quenneville 0 0 0 0 0 1 1 0 0 0 1/3 10:51 0:00 1:27
Jordan Schmaltz 0 0 0 -1 0 3 0 1 0 2 0/0 21:17 4:51 2:19
Madison Bowey 0 0 0 -1 0 0 0 1 0 2 0/0 21:17 4:51 2:19
Michael Joly 0 0 0 -1 0 1 0 0 0 0 0/0 8:16 0:07 0:00
Miikka Salomaki 1 0 1 0 0 3 2 0 0 0 5/9 22:30 6:17 4:00
Nikita Gusev 0 0 0 -1 0 3 1 0 0 0 0/0 10:46 0:07 0:00
Radek Faksa 1 0 1 -2 0 4 3 0 2 0 3/8 17:10 5:44 0:14
Slava Voynov 0 0 0 -1 0 0 1 3 2 3 0/0 27:26 7:18 4:09
Tyler Bertuzzi 0 0 0 -2 0 0 1 1 0 0 0/1 16:56 5:44 0:00
Players Stats for Senators
Player Name G A P +/- PIM S H SB GA TA FO MP PP MP PK MP
------------------------------------------------------------------------------------
Adam Ollas-Mattsson 0 0 0 0 0 0 0 0 0 1 0/0 14:49 0:00 2:23
Andy Andreoff 0 0 0 0 0 0 1 0 0 0 0/0 6:31 0:00 1:43
Brett Bulmer 0 0 0 0 0 0 0 0 0 0 0/0 4:18 0:00 0:00
Chandler Stephenson 0 0 0 1 0 0 0 1 0 0 6/9 15:36 3:34 0:00
Chris Kunitz 1 0 1 0 0 4 0 1 2 0 8/12 24:11 2:54 5:59
Dylan Blujus 0 0 0 1 0 1 0 2 0 0 0/0 27:20 3:47 6:34
Grant Besse 1 0 1 1 2 2 1 0 0 0 1/1 12:38 0:00 1:58
Jack Dougherty 0 1 1 2 2 3 1 0 0 1 0/0 19:02 2:40 4:59
Keegan Lowe 0 1 1 2 2 1 0 0 0 0 0/0 18:33 2:41 4:17
Mason Geertsen 0 0 0 0 0 0 2 0 0 0 0/0 13:37 0:00 0:36
Matt Frattin 1 0 1 1 0 3 0 3 0 1 0/3 20:18 2:54 3:53
Maxim Letunov 0 0 0 1 0 0 2 0 0 1 3/4 10:11 0:00 0:00
Michal Repik 1 1 2 1 0 5 2 0 3 0 0/0 15:36 3:34 0:00
Nick Foligno 1 1 2 1 0 9 1 0 2 1 0/0 22:11 3:34 6:23
Patrick Maroon 0 2 2 2 0 2 2 0 3 0 1/1 15:11 0:00 3:53
Pontus Sjalin 0 0 0 0 0 0 0 0 0 0 0/0 4:05 0:00 2:28
Scott Harrington 0 1 1 2 6 2 1 2 1 0 0/0 23:15 3:47 3:01
Warren Foegele 0 0 0 0 0 0 0 0 0 0 0/0 2:54 0:00 0:00
Zemgus Girgensons 0 1 1 0 2 0 2 0 1 0 16/29 16:19 2:54 0:29
3 Stars
1 - Michal Repik (BIN)
2 - Nick Foligno (BIN)
3 - Patrick Maroon (BIN)
Power Play
Punishers - 1 on 7 Attempt(s) - 14.29%
Senators - 1 on 4 Attempt(s) - 25.00%
Penalty Kill
Punishers - 3 on 4 Attempt(s) - 75.00%
- Score 0 goal in Penalty Kill
Senators - 6 on 7 Attempt(s) - 85.71%
- Score 0 goal in Penalty Kill
Team Stat
Punishers - Hits : 33 - Faceoff Wins : 24 - Blocked Shots : 9 - Penalty Minutes : 8
Senators - Hits : 15 - Faceoff Wins : 35 - Blocked Shots : 9 - Penalty Minutes : 14
Official
Referees : Unknown
Linesman : Unknown
Game Notes
No Game Note
Finance
Level 1 -- Attendance: 1433 (71.65%) -- Ticket Income $47,289
Level 2 -- Attendance: 784 (78.40%) -- Ticket Income $11,760
Total Attendance: 2217 (73.90%)
Total Ticket Income: $59,049
Other Income: $2,952
Total Income: $62,001
Punishers
5 vs 5 Forward
Center Left Wing Right Wing Time % Phy DF OF
1 Andreas Athanasiou Garret Ross Miikka Salomaki 40 1 2 2
2 Radek Faksa Tyler Bertuzzi Carter Ashton 30 1 2 2
3 John Quenneville Nikita Gusev Austen Brassard 20 1 2 2
4 Daniel Audette John Macfarland Michael Joly 10 1 2 2
5 vs 5 Defense
Defense Defense Time % Phy DF OF
1 Slava Voynov Adam Pelech 40 1 2 2
2 Jordan Schmaltz Madison Bowey 30 1 2 2
3 Dylan DeMelo Ben Betker 20 1 2 2
4 Slava Voynov Adam Pelech 10 1 2 2
PowerPlay Forward
Center Left Wing Right Wing Time % Phy DF OF
1 Andreas Athanasiou Garret Ross Miikka Salomaki 60 1 2 2
2 Radek Faksa Tyler Bertuzzi Carter Ashton 40 1 2 2
PowerPlay Defense
Defense Defense Time % Phy DF OF
1 Slava Voynov Adam Pelech 60 1 2 2
2 Jordan Schmaltz Madison Bowey 40 1 2 2
Penalty Kill 4 Players Forward
Center Wing Time % Phy DF OF
1 Miikka Salomaki Andreas Athanasiou 60 1 2 2
2 Garret Ross Carter Ashton 40 1 2 2
Penalty Kill 4 Players Defense
Defense Defense Time % Phy DF OF
1 Slava Voynov Adam Pelech 60 1 2 2
2 Jordan Schmaltz Madison Bowey 40 1 2 2
Penalty Kill - 3 Players Forward
Forward Time % Phy DF OF
1 Miikka Salomaki 60 1 2 2
2 Andreas Athanasiou 40 1 2 2
Penalty Kill - 3 Players Defense
Defense Defense Time % Phy DF OF
1 Slava Voynov Adam Pelech 60 1 2 2
2 Jordan Schmaltz Madison Bowey 40 1 2 2
4 vs 4 Forward
Center Wing Time % Phy DF OF
1 Miikka Salomaki Andreas Athanasiou 60 1 2 2
2 Garret Ross Carter Ashton 40 1 2 2
4 vs 4 Defense
Defense Defense Time % Phy DF OF
1 Slava Voynov Adam Pelech 60 1 2 2
2 Jordan Schmaltz Madison Bowey 40 1 2 2
Last Minutes Offensive
Center Left Wing Right Wing Defense Defense
Andreas Athanasiou Garret Ross Miikka Salomaki Slava Voynov Adam Pelech
Last Minutes Defensive
Center Left Wing Right Wing Defense Defense
Andreas Athanasiou Garret Ross Miikka Salomaki Slava Voynov Adam Pelech
Goaltenders
Starting : Louis Domingue
Backup : Daniel Altshuller
Extra Forwards
Normal : Alex Schoenborn, Nikita Gusev, John Quenneville - PP : Alex Schoenborn, Nikita Gusev - PK : John Quenneville
Extra Defensemen
Normal : Dylan DeMelo, Ben Betker, Jordan Schmaltz - PP : Dylan DeMelo - PK : Ben Betker, Jordan Schmaltz
Penalty Shots
Miikka Salomaki, Andreas Athanasiou, Garret Ross, Carter Ashton, Radek Faksa
Scratches
Robbie Earl (Healthy), Zack Hamill (Healthy)
Senators
5 vs 5 Forward
Center Left Wing Right Wing Time % Phy DF OF
1 Zemgus Girgensons Chris Kunitz Matt Frattin 40 1 2 2
2 Chandler Stephenson Nick Foligno Michal Repik 30 1 2 2
3 Maxim Letunov Patrick Maroon Grant Besse 20 1 2 2
4 Chris Kunitz Andy Andreoff Brett Bulmer 10 1 2 2
5 vs 5 Defense
Defense Defense Time % Phy DF OF
1 Dylan Blujus Scott Harrington 40 1 2 2
2 Keegan Lowe Jack Dougherty 30 1 2 2
3 Mason Geertsen Adam Ollas-Mattsson 20 1 2 2
4 Pontus Sjalin Dylan Blujus 10 1 2 2
PowerPlay Forward
Center Left Wing Right Wing Time % Phy DF OF
1 Zemgus Girgensons Chris Kunitz Matt Frattin 60 1 2 2
2 Chandler Stephenson Nick Foligno Michal Repik 40 1 2 2
PowerPlay Defense
Defense Defense Time % Phy DF OF
1 Dylan Blujus Scott Harrington 60 1 2 2
2 Keegan Lowe Jack Dougherty 40 1 2 2
Penalty Kill 4 Players Forward
Center Wing Time % Phy DF OF
1 Chris Kunitz Nick Foligno 60 1 2 2
2 Matt Frattin Patrick Maroon 40 1 2 2
Penalty Kill 4 Players Defense
Defense Defense Time % Phy DF OF
1 Dylan Blujus Scott Harrington 60 1 2 2
2 Keegan Lowe Jack Dougherty 40 1 2 2
Penalty Kill - 3 Players Forward
Forward Time % Phy DF OF
1 Chris Kunitz 60 1 2 2
2 Nick Foligno 40 1 2 2
Penalty Kill - 3 Players Defense
Defense Defense Time % Phy DF OF
1 Dylan Blujus Scott Harrington 60 1 2 2
2 Keegan Lowe Jack Dougherty 40 1 2 2
4 vs 4 Forward
Center Wing Time % Phy DF OF
1 Chris Kunitz Nick Foligno 60 1 2 2
2 Matt Frattin Patrick Maroon 40 1 2 2
4 vs 4 Defense
Defense Defense Time % Phy DF OF
1 Dylan Blujus Scott Harrington 60 1 2 2
2 Keegan Lowe Jack Dougherty 40 1 2 2
Last Minutes Offensive
Center Left Wing Right Wing Defense Defense
Zemgus Girgensons Chris Kunitz Matt Frattin Dylan Blujus Scott Harrington
Last Minutes Defensive
Center Left Wing Right Wing Defense Defense
Zemgus Girgensons Chris Kunitz Matt Frattin Dylan Blujus Scott Harrington
Goaltenders
Starting : Justin Peters
Backup : Stephon Williams
Extra Forwards
Normal : Warren Foegele, Andy Andreoff, Grant Besse - PP : Warren Foegele, Andy Andreoff - PK : Grant Besse
Extra Defensemen
Normal : Mason Geertsen, Adam Ollas-Mattsson, Pontus Sjalin - PP : Mason Geertsen - PK : Adam Ollas-Mattsson, Pontus Sjalin
Penalty Shots
Chris Kunitz, Nick Foligno, Matt Frattin, Patrick Maroon, Andy Andreoff
Scratches
Tomas Jurco (Healthy), Blake Coleman (Broken Nose Injury), Jan Mursak (Upper Body Injury), Jake Evans (Broken Bone (Right Arm) Injury), Keven Bouchard (Healthy)
% Time on Ice - Punishers
Lines # - Real PCT - Wanted PCT - Time Play
Normal Forward
1 - 31% - 40% - 12:25
2 - 28% - 30% - 11:12
3 - 23% - 20% - 9:24
4 - 18% - 10% - 7:13
Normal Defense
1 - 39% - 40% - 15:31
2 - 33% - 30% - 13:26
3 - 28% - 20% - 11:17
4 - 0% - 10% - 0:00
PP Forward
1 - 53% - 60% - 6:24
2 - 47% - 40% - 5:45
PP Defense
1 - 60% - 60% - 7:18
2 - 40% - 40% - 4:51
PK Forward
1 - 69% - 60% - 4:26
2 - 31% - 40% - 2:02
PK Defense
1 - 64% - 60% - 4:09
2 - 36% - 40% - 2:19
PK3 Forward
1 - 0% - 60%
2 - 0% - 40%
PK3 Defense
1 - 0% - 60%
2 - 0% - 40%
44 Forward
1 - 91% - 60% - 1:03
2 - 9% - 40% - 0:06
44 Defense
1 - 41% - 60% - 0:28
2 - 59% - 40% - 0:41
Last Minute Offensive - 0:00
Last Minute Defensive - 0:00
Total
Forward - 60:00
Defense - 60:00
|
% Time on Ice - Senators
Lines # - Real PCT - Wanted PCT - Time Play
Normal Forward
1 - 32% - 40% - 12:59
2 - 32% - 30% - 12:46
3 - 25% - 20% - 10:11
4 - 11% - 10% - 4:18
Normal Defense
1 - 38% - 40% - 15:14
2 - 28% - 30% - 11:23
3 - 31% - 20% - 12:26
4 - 3% - 10% - 1:11
PP Forward
1 - 45% - 60% - 2:54
2 - 55% - 40% - 3:34
PP Defense
1 - 59% - 60% - 3:47
2 - 41% - 40% - 2:41
PK Forward
1 - 68% - 60% - 8:16
2 - 32% - 40% - 3:53
PK Defense
1 - 57% - 60% - 6:55
2 - 43% - 40% - 5:14
PK3 Forward
1 - 0% - 60%
2 - 0% - 40%
PK3 Defense
1 - 0% - 60%
2 - 0% - 40%
44 Forward
1 - 67% - 60% - 0:46
2 - 33% - 40% - 0:23
44 Defense
1 - 74% - 60% - 0:51
2 - 26% - 40% - 0:18
Last Minute Offensive - 0:00
Last Minute Defensive - 0:00
Total
Forward - 60:00
Defense - 60:00
|
Play-by-Play
1st period
0:01 of 1st period - Zemgus Girgensons wins face-off versus Andreas Athanasiou in neutral zone.
0:24 of 1st period - Minor Penalty to Zemgus Girgensons for Tripping.
0:25 of 1st period - Chris Kunitz wins face-off versus Andreas Athanasiou in Senators zone.
0:30 of 1st period - Snap shot by Nick Foligno.
0:30 of 1st period - Shot Blocked by Slava Voynov.
0:35 of 1st period - Off-side.
0:36 of 1st period - Radek Faksa wins face-off versus Matt Frattin in neutral zone.
1:01 of 1st period - Keegan Lowe is hit by Miikka Salomaki and loses puck.
1:36 of 1st period - Nick Foligno is hit by Garret Ross.
2:24 of 1st period - Penalty to Zemgus Girgensons is over, Zemgus Girgensons is back on ice.
3:09 of 1st period - Ben Betker is hit by Mason Geertsen and loses puck.
3:18 of 1st period - Patrick Maroon is hit by Daniel Audette and loses puck.
3:35 of 1st period - Snap shot by Grant Besse.
3:35 of 1st period - Stopped by Louis Domingue without a rebound.
3:36 of 1st period - Radek Faksa wins face-off versus Zemgus Girgensons in Punishers zone.
4:02 of 1st period - Nick Foligno is hit by Andreas Athanasiou and loses puck.
4:11 of 1st period - Wrist shot by Nick Foligno.
4:11 of 1st period - Stopped by Louis Domingue without a rebound.
4:12 of 1st period - Zemgus Girgensons wins face-off versus Andreas Athanasiou in Punishers zone.
4:15 of 1st period - Snap shot by Chris Kunitz.
4:15 of 1st period - Shot Misses the Net.
4:17 of 1st period - Snap shot by Chris Kunitz.
4:17 of 1st period - Stopped by Louis Domingue without a rebound.
4:18 of 1st period - Andreas Athanasiou wins face-off versus Chris Kunitz in Punishers zone.
4:20 of 1st period - Minor Penalty to Garret Ross for Tripping.
4:21 of 1st period - Zemgus Girgensons wins face-off versus Miikka Salomaki in Punishers zone.
6:00 of 1st period - Wrist shot by Nick Foligno.
6:00 of 1st period - Goal by Nick Foligno - Punishers : 0 - Senators : 1.
6:01 of 1st period - Carter Ashton wins face-off versus Zemgus Girgensons in neutral zone.
6:06 of 1st period - Snap shot by Carter Ashton.
6:06 of 1st period - Deflect By Radek Faksa.
6:06 of 1st period - Shot Blocked by Matt Frattin.
6:06 of 1st period - Puck is out of play.
6:07 of 1st period - Zemgus Girgensons wins face-off versus Radek Faksa in Senators zone.
6:07 of 1st period - Zemgus Girgensons is hit by Radek Faksa.
6:21 of 1st period - Wrist shot by Zemgus Girgensons.
6:21 of 1st period - Shot Misses the Net.
6:45 of 1st period - Wrist shot by John Quenneville.
6:45 of 1st period - Shot Misses the Net.
6:57 of 1st period - Wrist shot by Scott Harrington.
6:57 of 1st period - Stopped by Louis Domingue with a rebound.
7:19 of 1st period - Backhand shot by Michal Repik.
7:19 of 1st period - Stopped by Louis Domingue with a rebound.
8:00 of 1st period - Dylan DeMelo is hit by Michal Repik and loses puck.
8:15 of 1st period - Snap shot by John Quenneville.
8:15 of 1st period - Stopped by Justin Peters without a rebound.
8:16 of 1st period - Maxim Letunov wins face-off versus John Quenneville in Senators zone.
8:16 of 1st period - Maxim Letunov is hit by Nikita Gusev.
8:43 of 1st period - Snap shot by Michal Repik.
8:43 of 1st period - Stopped by Louis Domingue with a rebound.
8:45 of 1st period - Slapshot by Nick Foligno.
8:45 of 1st period - Stopped by Louis Domingue with a rebound.
8:47 of 1st period - Wrist shot by Nick Foligno.
8:47 of 1st period - Stopped by Louis Domingue with a rebound.
9:23 of 1st period - Slapshot by Dylan Blujus.
9:23 of 1st period - Shot Blocked by Ben Betker.
10:25 of 1st period - Minor Penalty to Carter Ashton for Hooking.
10:26 of 1st period - Zemgus Girgensons wins face-off versus Miikka Salomaki in Punishers zone.
10:29 of 1st period - Snap shot by Matt Frattin.
10:29 of 1st period - Stopped by Louis Domingue without a rebound.
10:30 of 1st period - Miikka Salomaki wins face-off versus Zemgus Girgensons in Punishers zone.
11:51 of 1st period - Nick Foligno is hit by Slava Voynov and loses puck.
12:25 of 1st period - Penalty to Carter Ashton is over, Carter Ashton is back on ice.
13:21 of 1st period - Radek Faksa is hit by Grant Besse and loses puck.
13:38 of 1st period - Chris Kunitz is hit by Garret Ross and loses puck.
13:43 of 1st period - Snap shot by Andreas Athanasiou.
13:43 of 1st period - Stopped by Justin Peters with a rebound.
15:00 of 1st period - Chris Kunitz is hit by Adam Pelech and loses puck.
15:23 of 1st period - Snap shot by Tyler Bertuzzi.
15:23 of 1st period - Deflect By Carter Ashton.
15:23 of 1st period - Stopped by Justin Peters with a rebound.
15:25 of 1st period - Slapshot by Carter Ashton.
15:25 of 1st period - Stopped by Justin Peters with a rebound.
15:35 of 1st period - Ben Betker is hit by Nick Foligno and loses puck.
15:52 of 1st period - Snap shot by Miikka Salomaki.
15:52 of 1st period - Stopped by Justin Peters without a rebound.
15:53 of 1st period - Andreas Athanasiou wins face-off versus Zemgus Girgensons in Senators zone.
15:56 of 1st period - Snap shot by Garret Ross.
15:56 of 1st period - Stopped by Justin Peters with a rebound.
16:30 of 1st period - Minor Penalty to Keegan Lowe for Tripping.
16:31 of 1st period - Chris Kunitz wins face-off versus Miikka Salomaki in Senators zone.
17:58 of 1st period - Icing by Adam Pelech.
17:59 of 1st period - Grant Besse wins face-off versus Radek Faksa in Punishers zone.
18:28 of 1st period - Jack Dougherty is hit by Andreas Athanasiou and loses puck.
18:30 of 1st period - Penalty to Keegan Lowe is over, Keegan Lowe is back on ice.
19:00 of 1st period - Snap shot by John Macfarland.
19:00 of 1st period - Shot Misses the Net.
19:02 of 1st period - Slapshot by Madison Bowey.
19:02 of 1st period - Shot Misses the Net.
19:04 of 1st period - Wrist shot by Madison Bowey.
19:04 of 1st period - Shot Misses the Net.
19:36 of 1st period - Adam Ollas-Mattsson is hit by Adam Pelech and loses puck.
Goals for this period are 0 for Punishers vs 1 for Senators.
Shots for this period are 6 for Punishers vs 10 for Senators.
2nd period
0:01 of 2nd period - Zemgus Girgensons wins face-off versus Andreas Athanasiou in neutral zone.
0:04 of 2nd period - Snap shot by Chris Kunitz.
0:04 of 2nd period - Goal by Chris Kunitz - Punishers : 0 - Senators : 2.
0:05 of 2nd period - Zemgus Girgensons wins face-off versus Andreas Athanasiou in neutral zone.
0:21 of 2nd period - Snap shot by Garret Ross.
0:21 of 2nd period - Stopped by Justin Peters with a rebound.
0:38 of 2nd period - Tyler Bertuzzi is hit by Scott Harrington and loses puck.
1:04 of 2nd period - Austen Brassard is hit by Maxim Letunov and loses puck.
1:15 of 2nd period - Madison Bowey is hit by Andy Andreoff and loses puck.
2:12 of 2nd period - Off-side.
2:13 of 2nd period - Chandler Stephenson wins face-off versus Radek Faksa in neutral zone.
2:18 of 2nd period - Snap shot by Nick Foligno.
2:18 of 2nd period - Stopped by Louis Domingue with a rebound.
2:20 of 2nd period - Slapshot by Scott Harrington.
2:20 of 2nd period - Shot Misses the Net.
2:22 of 2nd period - Slapshot by Scott Harrington.
2:22 of 2nd period - Deflect By Michal Repik.
2:22 of 2nd period - Stopped by Louis Domingue without a rebound.
2:23 of 2nd period - Radek Faksa wins face-off versus Chandler Stephenson in Punishers zone.
3:12 of 2nd period - Snap shot by Michal Repik.
3:12 of 2nd period - Shot Misses the Net.
3:14 of 2nd period - Slapshot by Dylan Blujus.
3:14 of 2nd period - Shot Misses the Net.
3:16 of 2nd period - Slapshot by Dylan Blujus.
3:16 of 2nd period - Shot Blocked by Tyler Bertuzzi.
3:38 of 2nd period - Wrist shot by Radek Faksa.
3:38 of 2nd period - Stopped by Justin Peters with a rebound.
3:46 of 2nd period - Slapshot by Nick Foligno.
3:46 of 2nd period - Stopped by Louis Domingue with a rebound.
3:48 of 2nd period - Wrist shot by Michal Repik.
3:48 of 2nd period - Goal by Michal Repik - Punishers : 0 - Senators : 3.
3:49 of 2nd period - Andreas Athanasiou wins face-off versus Zemgus Girgensons in neutral zone.
4:00 of 2nd period - Snap shot by Chris Kunitz.
4:00 of 2nd period - Stopped by Louis Domingue with a rebound.
4:02 of 2nd period - Slapshot by Jack Dougherty.
4:02 of 2nd period - Stopped by Louis Domingue with a rebound.
4:04 of 2nd period - Slapshot by Jack Dougherty.
4:04 of 2nd period - Stopped by Louis Domingue with a rebound.
4:14 of 2nd period - Patrick Maroon is hit by John Quenneville and loses puck.
4:40 of 2nd period - Wrist shot by Chris Kunitz.
4:40 of 2nd period - Shot Blocked by Madison Bowey.
4:46 of 2nd period - Snap shot by Jordan Schmaltz.
4:46 of 2nd period - Stopped by Justin Peters without a rebound.
4:47 of 2nd period - Andreas Athanasiou wins face-off versus Zemgus Girgensons in Senators zone.
4:54 of 2nd period - Wrist shot by Miikka Salomaki.
4:54 of 2nd period - Goal by Miikka Salomaki - Punishers : 1 - Senators : 3.
4:55 of 2nd period - Zemgus Girgensons wins face-off versus Garret Ross in neutral zone.
5:03 of 2nd period - Snap shot by Garret Ross.
5:03 of 2nd period - Shot Misses the Net.
5:21 of 2nd period - Scott Harrington is hit by Carter Ashton and loses puck.
5:44 of 2nd period - Snap shot by Nikita Gusev.
5:44 of 2nd period - Shot Misses the Net.
5:46 of 2nd period - Snap shot by Austen Brassard.
5:46 of 2nd period - Shot Misses the Net.
5:48 of 2nd period - Slapshot by Ben Betker.
5:48 of 2nd period - Deflect By Keegan Lowe.
5:48 of 2nd period - Stopped by Justin Peters without a rebound.
5:49 of 2nd period - Zemgus Girgensons wins face-off versus John Quenneville in Senators zone.
5:49 of 2nd period - Zemgus Girgensons is hit by Dylan DeMelo.
6:09 of 2nd period - Backhand shot by Nikita Gusev.
6:09 of 2nd period - Stopped by Justin Peters with a rebound.
6:25 of 2nd period - Wrist shot by Nikita Gusev.
6:25 of 2nd period - Shot Blocked by Chris Kunitz.
6:27 of 2nd period - Slapshot by Nikita Gusev.
6:27 of 2nd period - Stopped by Justin Peters with a rebound.
6:29 of 2nd period - Snap shot by Ben Betker.
6:29 of 2nd period - Shot Misses the Net.
6:31 of 2nd period - Wrist shot by Austen Brassard.
6:31 of 2nd period - Stopped by Justin Peters with a rebound.
6:33 of 2nd period - Slapshot by Austen Brassard.
6:33 of 2nd period - Stopped by Justin Peters without a rebound.
6:34 of 2nd period - Chandler Stephenson wins face-off versus Andreas Athanasiou in Senators zone.
6:34 of 2nd period - Nick Foligno is hit by Garret Ross and loses puck.
6:40 of 2nd period - Scott Harrington is hit by Adam Pelech and loses puck.
6:45 of 2nd period - Wrist shot by Nick Foligno.
6:45 of 2nd period - Stopped by Louis Domingue with a rebound.
6:47 of 2nd period - Wrist shot by Nick Foligno.
6:47 of 2nd period - Stopped by Louis Domingue without a rebound.
6:48 of 2nd period - Chandler Stephenson wins face-off versus Andreas Athanasiou in Punishers zone.
7:01 of 2nd period - Slapshot by Slava Voynov.
7:01 of 2nd period - Shot Blocked by Scott Harrington.
7:11 of 2nd period - Nick Foligno is hit by Andreas Athanasiou and loses puck.
7:19 of 2nd period - Icing by Andreas Athanasiou.
7:20 of 2nd period - Zemgus Girgensons wins face-off versus Andreas Athanasiou in Punishers zone.
7:20 of 2nd period - Zemgus Girgensons is hit by Adam Pelech.
7:38 of 2nd period - Wrist shot by Miikka Salomaki.
7:38 of 2nd period - Shot Blocked by Matt Frattin.
7:50 of 2nd period - Wrist shot by Radek Faksa.
7:50 of 2nd period - Stopped by Justin Peters with a rebound.
7:52 of 2nd period - Slapshot by Jordan Schmaltz.
7:52 of 2nd period - Deflect By Grant Besse.
7:52 of 2nd period - Stopped by Justin Peters without a rebound.
7:53 of 2nd period - Patrick Maroon wins face-off versus Tyler Bertuzzi in Senators zone.
7:55 of 2nd period - Minor Penalty to Scott Harrington for Hooking.
7:56 of 2nd period - Chris Kunitz wins face-off versus Andreas Athanasiou in Senators zone.
8:22 of 2nd period - Dylan Blujus is hit by Radek Faksa and loses puck.
9:37 of 2nd period - Jack Dougherty is hit by Miikka Salomaki and loses puck.
9:55 of 2nd period - Penalty to Scott Harrington is over, Scott Harrington is back on ice.
10:29 of 2nd period - Madison Bowey is hit by Patrick Maroon and loses puck.
10:54 of 2nd period - Ben Betker is hit by Zemgus Girgensons and loses puck.
11:40 of 2nd period - Grant Besse is hit by Carter Ashton and loses puck.
12:05 of 2nd period - Mason Geertsen is hit by Carter Ashton and loses puck.
12:14 of 2nd period - Wrist shot by Carter Ashton.
12:14 of 2nd period - Stopped by Justin Peters with a rebound.
12:52 of 2nd period - Snap shot by Grant Besse.
12:52 of 2nd period - Goal by Grant Besse - Punishers : 1 - Senators : 4.
12:53 of 2nd period - Andreas Athanasiou wins face-off versus Zemgus Girgensons in neutral zone.
12:58 of 2nd period - Wrist shot by Adam Pelech.
12:58 of 2nd period - Deflect By Chris Kunitz.
12:58 of 2nd period - Stopped by Justin Peters without a rebound.
12:59 of 2nd period - Zemgus Girgensons wins face-off versus Andreas Athanasiou in Senators zone.
13:58 of 2nd period - Icing by Slava Voynov.
13:59 of 2nd period - Zemgus Girgensons wins face-off versus Daniel Audette in Punishers zone.
14:14 of 2nd period - Slapshot by Adam Pelech.
14:14 of 2nd period - Stopped by Justin Peters with a rebound.
14:30 of 2nd period - Slapshot by Miikka Salomaki.
14:30 of 2nd period - Shot Misses the Net.
14:32 of 2nd period - Backhand shot by Miikka Salomaki.
14:32 of 2nd period - Shot Misses the Net.
14:34 of 2nd period - Slapshot by Jordan Schmaltz.
14:34 of 2nd period - Stopped by Justin Peters without a rebound.
14:35 of 2nd period - Andreas Athanasiou wins face-off versus Maxim Letunov in Senators zone.
14:38 of 2nd period - Slapshot by Garret Ross.
14:38 of 2nd period - Stopped by Justin Peters without a rebound.
14:39 of 2nd period - Maxim Letunov wins face-off versus Andreas Athanasiou in Senators zone.
14:39 of 2nd period - Maxim Letunov is hit by Garret Ross.
14:45 of 2nd period - Snap shot by Garret Ross.
14:45 of 2nd period - Shot Blocked by Dylan Blujus.
14:47 of 2nd period - Wrist shot by Madison Bowey.
14:47 of 2nd period - Shot Misses the Net.
15:07 of 2nd period - Matt Frattin is hit by Austen Brassard and loses puck.
15:34 of 2nd period - Wrist shot by Nick Foligno.
15:34 of 2nd period - Shot Misses the Net.
15:36 of 2nd period - Slapshot by Keegan Lowe.
15:36 of 2nd period - Shot Blocked by Jordan Schmaltz.
15:45 of 2nd period - Icing by Madison Bowey.
15:46 of 2nd period - Chris Kunitz wins face-off versus Daniel Audette in Punishers zone.
15:59 of 2nd period - Snap shot by Matt Frattin.
15:59 of 2nd period - Shot Misses the Net.
16:23 of 2nd period - Adam Pelech is hit by Mason Geertsen and loses puck.
18:48 of 2nd period - Backhand shot by Miikka Salomaki.
18:48 of 2nd period - Shot Misses the Net.
19:13 of 2nd period - Zemgus Girgensons is hit by Tyler Bertuzzi and loses puck.
19:33 of 2nd period - Icing by Zemgus Girgensons.
19:34 of 2nd period - John Quenneville wins face-off versus Chris Kunitz in Senators zone.
19:37 of 2nd period - Wrist shot by Miikka Salomaki.
19:37 of 2nd period - Stopped by Justin Peters without a rebound.
19:38 of 2nd period - Chandler Stephenson wins face-off versus Andreas Athanasiou in Senators zone.
19:58 of 2nd period - Michal Repik is hit by Garret Ross and loses puck.
Goals for this period are 1 for Punishers vs 3 for Senators.
Shots for this period are 17 for Punishers vs 11 for Senators.
3rd period
0:01 of 3rd period - Zemgus Girgensons wins face-off versus Andreas Athanasiou in neutral zone.
0:31 of 3rd period - Slapshot by Madison Bowey.
0:31 of 3rd period - Shot Blocked by Scott Harrington.
0:33 of 3rd period - Minor Penalty to Scott Harrington for Hooking.
0:34 of 3rd period - Chris Kunitz wins face-off versus Andreas Athanasiou in Senators zone.
0:45 of 3rd period - Snap shot by Chris Kunitz.
0:45 of 3rd period - Shot Misses the Net.
2:31 of 3rd period - Snap shot by Jack Dougherty.
2:31 of 3rd period - Stopped by Louis Domingue without a rebound.
2:32 of 3rd period - Alex Schoenborn wins face-off versus Matt Frattin in Punishers zone.
2:33 of 3rd period - Penalty to Scott Harrington is over, Scott Harrington is back on ice.
2:37 of 3rd period - Scott Harrington is hit by Adam Pelech and loses puck.
2:48 of 3rd period - Snap shot by Matt Frattin.
2:48 of 3rd period - Shot Misses the Net.
2:50 of 3rd period - Wrist shot by Matt Frattin.
2:50 of 3rd period - Stopped by Louis Domingue with a rebound.
2:52 of 3rd period - Wrist shot by Mason Geertsen.
2:52 of 3rd period - Shot Blocked by Slava Voynov.
2:54 of 3rd period - Wrist shot by Scott Harrington.
2:54 of 3rd period - Stopped by Louis Domingue with a rebound.
2:56 of 3rd period - Snap shot by Patrick Maroon.
2:56 of 3rd period - Shot Misses the Net.
3:06 of 3rd period - Slapshot by Patrick Maroon.
3:06 of 3rd period - Stopped by Louis Domingue with a rebound.
3:08 of 3rd period - Slapshot by Patrick Maroon.
3:08 of 3rd period - Shot Blocked by Slava Voynov.
3:10 of 3rd period - Snap shot by Jack Dougherty.
3:10 of 3rd period - Shot Blocked by Adam Pelech.
3:12 of 3rd period - Snap shot by Matt Frattin.
3:12 of 3rd period - Goal by Matt Frattin - Punishers : 1 - Senators : 5.
3:13 of 3rd period - Chandler Stephenson wins face-off versus Andreas Athanasiou in neutral zone.
3:18 of 3rd period - Snap shot by Michal Repik.
3:18 of 3rd period - Stopped by Louis Domingue without a rebound.
3:19 of 3rd period - Andreas Athanasiou wins face-off versus Chandler Stephenson in Punishers zone.
3:26 of 3rd period - Snap shot by Jordan Schmaltz.
3:26 of 3rd period - Deflect By Miikka Salomaki.
3:26 of 3rd period - Shot Blocked by Chandler Stephenson.
3:26 of 3rd period - Puck is out of play.
3:27 of 3rd period - Zemgus Girgensons wins face-off versus Andreas Athanasiou in Senators zone.
3:39 of 3rd period - Minor Penalty to Garret Ross for Hooking.
3:40 of 3rd period - Miikka Salomaki wins face-off versus Zemgus Girgensons in Punishers zone.
3:48 of 3rd period - Slapshot by Dylan Blujus.
3:48 of 3rd period - Shot Misses the Net.
4:29 of 3rd period - Minor Penalty to Jack Dougherty for Hooking.
4:30 of 3rd period - Chris Kunitz wins face-off versus Miikka Salomaki in Senators zone.
5:20 of 3rd period - Snap shot by Patrick Maroon.
5:20 of 3rd period - Stopped by Louis Domingue without a rebound.
5:21 of 3rd period - Miikka Salomaki wins face-off versus Matt Frattin in Punishers zone.
5:21 of 3rd period - Miikka Salomaki is hit by Patrick Maroon.
5:39 of 3rd period - Penalty to Garret Ross is over, Garret Ross is back on ice.
5:53 of 3rd period - Snap shot by Radek Faksa.
5:53 of 3rd period - Goal by Radek Faksa - Punishers : 2 - Senators : 5.
5:54 of 3rd period - Andreas Athanasiou wins face-off versus Zemgus Girgensons in neutral zone.
7:07 of 3rd period - Minor Penalty to Grant Besse for Hooking.
7:08 of 3rd period - Andreas Athanasiou wins face-off versus Chris Kunitz in Senators zone.
7:18 of 3rd period - Snap shot by Nick Foligno.
7:18 of 3rd period - Stopped by Louis Domingue with a rebound.
7:20 of 3rd period - Snap shot by Keegan Lowe.
7:20 of 3rd period - Stopped by Louis Domingue with a rebound.
8:16 of 3rd period - Icing by Miikka Salomaki.
8:17 of 3rd period - Andreas Athanasiou wins face-off versus Zemgus Girgensons in Punishers zone.
8:17 of 3rd period - Andreas Athanasiou is hit by Zemgus Girgensons.
9:07 of 3rd period - Penalty to Grant Besse is over, Grant Besse is back on ice.
9:26 of 3rd period - Slapshot by Grant Besse.
9:26 of 3rd period - Shot Misses the Net.
9:42 of 3rd period - Daniel Audette is hit by Michal Repik and loses puck.
10:28 of 3rd period - Wrist shot by John Macfarland.
10:28 of 3rd period - Stopped by Justin Peters with a rebound.
10:30 of 3rd period - Snap shot by Michael Joly.
10:30 of 3rd period - Stopped by Justin Peters without a rebound.
10:31 of 3rd period - Chris Kunitz wins face-off versus Daniel Audette in Senators zone.
10:31 of 3rd period - Chris Kunitz is hit by John Macfarland.
10:36 of 3rd period - Minor Penalty to Daniel Audette for Slashing.
10:37 of 3rd period - Miikka Salomaki wins face-off versus Zemgus Girgensons in Punishers zone.
10:49 of 3rd period - Wrist shot by Chris Kunitz.
10:49 of 3rd period - Stopped by Louis Domingue without a rebound.
10:50 of 3rd period - Andreas Athanasiou wins face-off versus Chris Kunitz in Punishers zone.
11:16 of 3rd period - Icing by Michal Repik.
11:17 of 3rd period - Miikka Salomaki wins face-off versus Chandler Stephenson in Senators zone.
11:42 of 3rd period - Wrist shot by Dylan Blujus.
11:42 of 3rd period - Stopped by Louis Domingue without a rebound.
11:43 of 3rd period - Garret Ross wins face-off versus Zemgus Girgensons in Punishers zone.
12:15 of 3rd period - Adam Pelech is hit by Jack Dougherty.
12:36 of 3rd period - Penalty to Daniel Audette is over, Daniel Audette is back on ice.
13:23 of 3rd period - Icing by Michal Repik.
13:24 of 3rd period - Chandler Stephenson wins face-off versus Radek Faksa in Senators zone.
13:52 of 3rd period - Matt Frattin is hit by Garret Ross and loses puck.
14:07 of 3rd period - Snap shot by Nikita Gusev.
14:07 of 3rd period - Stopped by Justin Peters with a rebound.
14:09 of 3rd period - Wrist shot by Austen Brassard.
14:09 of 3rd period - Stopped by Justin Peters with a rebound.
14:15 of 3rd period - Wrist shot by John Quenneville.
14:15 of 3rd period - Deflect By Austen Brassard.
14:15 of 3rd period - Shot Misses the Net.
14:15 of 3rd period - Puck is out of play.
14:16 of 3rd period - Andreas Athanasiou wins face-off versus Zemgus Girgensons in Senators zone.
14:26 of 3rd period - Minor Penalty to Scott Harrington for Holding.
14:27 of 3rd period - Chris Kunitz wins face-off versus Andreas Athanasiou in Senators zone.
14:35 of 3rd period - Slapshot by Adam Pelech.
14:35 of 3rd period - Shot Misses the Net.
14:57 of 3rd period - Slapshot by Carter Ashton.
14:57 of 3rd period - Shot Misses the Net.
14:59 of 3rd period - Wrist shot by Radek Faksa.
14:59 of 3rd period - Stopped by Justin Peters with a rebound.
15:01 of 3rd period - Snap shot by Radek Faksa.
15:01 of 3rd period - Shot Blocked by Dylan Blujus.
15:03 of 3rd period - Snap shot by Radek Faksa.
15:03 of 3rd period - Shot Blocked by Matt Frattin.
16:26 of 3rd period - Penalty to Scott Harrington is over, Scott Harrington is back on ice.
16:48 of 3rd period - Matt Frattin is hit by Austen Brassard and loses puck.
17:05 of 3rd period - Michael Joly is hit by Maxim Letunov and loses puck.
17:44 of 3rd period - Snap shot by Matt Frattin.
17:44 of 3rd period - Shot Blocked by Ben Betker.
18:19 of 3rd period - Chris Kunitz is hit by Radek Faksa and loses puck.
18:50 of 3rd period - Snap shot by Garret Ross.
18:50 of 3rd period - Stopped by Justin Peters without a rebound.
18:51 of 3rd period - Maxim Letunov wins face-off versus Andreas Athanasiou in Senators zone.
18:51 of 3rd period - Maxim Letunov is hit by Garret Ross.
19:03 of 3rd period - Slapshot by Miikka Salomaki.
19:03 of 3rd period - Shot Hit the Post.
19:05 of 3rd period - Wrist shot by Garret Ross.
19:05 of 3rd period - Shot Misses the Net.
19:07 of 3rd period - Wrist shot by Andreas Athanasiou.
19:07 of 3rd period - Stopped by Justin Peters without a rebound.
19:08 of 3rd period - Zemgus Girgensons wins face-off versus Radek Faksa in Senators zone.
19:21 of 3rd period - Snap shot by Carter Ashton.
19:21 of 3rd period - Stopped by Justin Peters without a rebound.
19:22 of 3rd period - Zemgus Girgensons wins face-off versus Andreas Athanasiou in Senators zone.
19:22 of 3rd period - Zemgus Girgensons is hit by Adam Pelech.
Goals for this period are 1 for Punishers vs 1 for Senators.
Shots for this period are 9 for Punishers vs 11 for Senators.
Back to the Top